 Seeded DCSS version 0.26.1 (webtiles) character file.

Game seed: 10270916146914518530 (custom seed)

9888 Calibrex the Fighter (level 11, -22/86 HPs)
             Began as a Demonspawn Fighter on Feb 8, 2021.
             Was an Elder of Makhleb.
             Annihilated by an ettin
             ... wielding a +1 dire flail of holy wrath
              (41 damage)
             ... on level 2 of the Orcish Mines.
             The game lasted 00:39:15 (11124 turns).

Calibrex the Fighter (Demonspawn Fighter)          Turns: 11124, Time: 00:39:16

Health: -22/86     AC: 18    Str: 19    XL:     11   Next: 28%
Magic:  0/23       EV:  9    Int: 10    God:    Makhleb [****..]
Gold:   1211       SH: 16    Dex: 13    Spells: 10/10 levels left

rFire    . . .     SeeInvis .   a - +7 Screaming Sword {vorpal, sonic wave}
rCold    . . .     Faith    .   c - +0 kite shield
rNeg     + . .     Spirit   +   s - +0 plate armour
rPois    .         Reflect  +   (helmet restricted)
rElec    .         Harm     .   l - +2 cloak
rCorr    .         Rampage  .   D - +0 pair of gloves
Will     .....                  (no boots)
Stlth    ..........             r - amulet of reflection
HPRegen  0.24/turn              o - ring of magical power
MPRegen  0.18/turn              C - ring of positive energy

@: no status effects
A: antennae 1, hooves 1, repulsion field 1, foul stench 1, low mp 1, magic
shield, miasma immunity
a: Renounce Religion, Minor Destruction, Lesser Servant of Makhleb, Major
Destruction


You were on level 2 of the Orcish Mines.
You worshipped Makhleb.
Makhleb was greatly pleased with you.
You visited 3 branches of the dungeon, and saw 13 of its levels.
You also visited: Bailey.

You collected 1211 gold pieces.

Inventory:

Hand Weapons
 a - the +7 Screaming Sword (weapon) {vorpal, sonic wave}
   (You found it on level 4 of the Dungeon)

   It inflicts extra damage upon your enemies.
Missiles
 w - 48 poisoned darts (quivered)
 K - 3 throwing nets
Armour
 c - a +0 kite shield (worn)
 l - a +2 cloak (worn)
 s - a +0 plate armour (worn)
 D - a +0 pair of gloves (worn)
Jewellery
 o - a ring of magical power (left hand)
 r - an amulet of reflection (around neck)
 y - an uncursed ring of flight
 C - a ring of positive energy (right hand)
 I - an uncursed ring of stealth
 L - a +4 ring of protection
 M - the amulet of Cheibriados's Whim {Inacc rPois Str-4 Int+2, unknown}
   (You found it on level 10 of the Dungeon)

   [amulet of inaccuracy]

   It reduces the accuracy of all your attacks.
   It affects your strength (-4).
   It affects your intelligence (+2).
   It protects you from poison.
Wands
 j - a wand of polymorph (11)
 q - a wand of flame (45)
 u - a wand of paralysis (8)
 x - a wand of enslavement (6)
 F - a wand of digging (5)
Scrolls
 b - 3 scrolls of teleportation
 f - 2 scrolls of enchant weapon
 i - 4 scrolls of amnesia
 k - 5 scrolls of remove curse
 m - a scroll of blinking
 n - a scroll of immolation
 t - 5 scrolls of identify
 v - a scroll of fog {unknown}
 G - a scroll of magic mapping {unknown}
 H - a scroll of enchant armour
Potions
 d - a potion of haste
 g - a potion of lignification
 h - 4 potions of curing
 p - 3 potions of brilliance
 z - a potion of berserk rage {unknown}
 A - 3 potions of ambrosia
 B - a potion of cancellation {unknown}
 E - a potion of invisibility {unknown}
 J - a potion of heal wounds {unknown}
Miscellaneous
 e - a phantom mirror


   Skills:
 + Level 8.0 Fighting
 + Level 7.0 Long Blades
 + Level 7.3 Armour
 + Level 6.5 Dodging
 + Level 7.3 Shields
 + Level 6.4 Invocations
 + Level 4.7 Evocations


You had 10 spell levels left.
You didn't know any spells.
Your spell library contained the following spells:

 Spells                   Type           Power        Failure   Level
 Animate Skeleton         Necr           0%           100%        1
 Apportation              Tloc           0%           100%        1
 Corona                   Hex            0%           100%        1
 Magic Dart               Conj           0%           100%        1
 Summon Small Mammal      Summ           0%           100%        1
 Blink                    Tloc           N/A          100%        2
 Call Imp                 Summ           0%           100%        2
 Slow                     Hex            0%           100%        2
 Conjure Flame            Conj/Fire      0%           100%        3
 Mephitic Cloud           Conj/Pois/Air  0%           100%        3


Dungeon Overview and Level Annotations

Branches:
Dungeon (10/15)            Temple (1/1) D:7             Orc (2/2) D:10
 Bailey (visited)
   Lair: D:8-11         Elf: Orc:2

Altars:
Ashenzari
Cheibriados
Dithmenos
Elyvilon
Fedhas
Gozag
Hepliaklqana
Kikubaaqudgha
Makhleb
Nemelex Xobeh
Okawaru
Qazlal
Ru
Sif Muna
Trog
Uskayaw
Vehumet
Wu Jian
Xom
Yredelemnul
Zin
The Shining One

Shops:
D:6 [   D:8 *

Annotations:
D:4 1 runed translucent door
D:7 2 transporters, Twinkles's ghost, novice KoHu
D:10 1 runed translucent door, exclusion: door, Alvadar's ghost, novice DgCj


Innate Abilities, Weirdness & Mutations

You have large cloven feet.
You are surrounded by a mild repulsion field. (EV +2)
You may emit foul miasma when damaged in melee.
When hurt, damage is shared between your health and your magic reserves.
You are immune to miasma.
You have a pair of small antennae on your head.
Your magical capacity is low. (-10% MP)


Message History

The orc warrior shouts!
You slash the troll!
You kill the troll!
Makhleb accepts your kill.
The troll leather armour is intact enough to wear.
You hear a shout!
The ettin hits you but does no damage.
The ettin looks sick.
You block the ettin's attack.
Your Fighting skill increases to level 8!
Your Long Blades skill increases to level 7!
You barely miss the ettin. You block the ettin's attack.
The ettin hits you with a +0 dire flail!!
You emit a cloud of foul miasma!
The orc wizard mumbles some strange words.
The orc wizard blinks!
The ettin is engulfed in dark miasma.
The ettin is poisoned.
The ettin seems to slow down.
The ettin hits you with a +1 dire flail of holy wrath!!
* * * LOW HITPOINT WARNING * * *
You convulse!!!
You die...

##.#.....$..##
#...........$#
#.........#..##
.
#.......)...##..
#.......##.#....
#...<))$..†....
##....)....$.o.
#....†.C......
##....@.......
#.....[......
#............#
##............
###..o...$...
...........
............
##...........


You could see an ettin (poisoned, slow, sick), an orc warrior and an orc wizard.

Vanquished Creatures
  Harold (Orc:1)
  An orc knight (Bailey)
  An ugly thing (D:10)
  A gargoyle (D:10)
  A kobold demonologist (D:10)
  A tengu conjurer (D:10)
  2 trolls
  A yak (D:10)
  A human (D:10)
  3 wargs
  An eye of draining (D:10)
  3 sky beasts
  2 ice beasts
  A hornet zombie (D:9)
  13 orc warriors
  A phantom (D:6)
  A black bear (D:10)
  2 centaurs
  7 ogres
  5 bullfrogs
  A big kobold (D:9)
  A gnoll sergeant (D:10)
  A wyvern skeleton (D:10)
  7 scorpions
  A water moccasin skeleton (D:5)
  7 wights
  14 killer bees
  A howler monkey (D:10)
  2 centaur zombies
  5 hounds
  8 orc priests
  6 jellies
  Crazy Yiuf (D:5)
  17 orc wizards
  2 bullfrog skeletons (D:10)
  Jessica (D:3)
  A centaur skeleton (D:10)
  2 iguanas
  7 worker ants
  Robin (D:4)
  8 gnolls
  11 adders
  3 shadow imps (D:5)
  4 white imps
  2 oozes (D:3)
  An ufetubus (D:8)
  A worm (D:4)
  A dart slug (D:2)
  5 leopard geckos
  40 orcs
  3 ball pythons
  10 bats
  8 giant cockroaches
  19 goblins
  14 hobgoblins
  17 jackals
  7 quokkas
  7 frilled lizards
  A jackal skeleton (D:7)
  24 kobolds
  A leopard gecko skeleton (D:4)
  7 rats
329 creatures vanquished.

Vanquished Creatures (others)
  4 fungi (D:4)
4 creatures vanquished.

Grand Total: 333 creatures vanquished

Notes
Turn   | Place    | Note
-------+----------+-------------------------------------------
     0 | D:1      | Calibrex the Demonspawn Fighter began the quest for the
                  | Orb.
     0 | D:1      | Reached XP level 1. HP: 18/18 MP: 1/1
   201 | D:1      | Gained mutation: You are surrounded by a mild repulsion
                  | field. (EV +2) [demonic ancestry]
   201 | D:1      | Reached XP level 2. HP: 20/24 MP: 2/2
   847 | D:2      | Reached XP level 3. HP: 20/29 MP: 3/3
  1142 | D:2      | Found a sparkling altar of Nemelex Xobeh.
  1537 | D:2      | Reached XP level 4. HP: 29/35 MP: 4/4
  2046 | D:3      | Reached skill level 1 in Dodging
  2327 | D:3      | Gained mutation: When hurt, damage is shared between your
                  | health and your magic reserves. [demonic ancestry]
  2327 | D:3      | Reached XP level 5. HP: 25/42 MP: 5/5
  2690 | D:3      | You fall into a shaft and drop 2 floors!
  2690 | D:5      | Entered Level 5 of the Dungeon
  2757 | D:5      | HP: 1/42 [orc/+0 mace (3)]
  3053 | D:4      | Reached skill level 4 in Fighting
  3117 | D:4      | Found a runed translucent door.
  3118 | D:4      | Found a glowing silver altar of Zin.
  3118 | D:4      | Noticed an angel
  3198 | D:4      | Gained mutation: You have large cloven feet. [demonic
                  | ancestry]
  3198 | D:4      | Reached XP level 6. HP: 48/48 MP: 6/6
  3283 | D:4      | Found the +7 Singing Sword {vorpal, sonic wave}
  3558 | D:4      | Noticed Robin
  3567 | D:4      | Killed Robin
  4342 | D:3      | Noticed Jessica
  4345 | D:3      | Killed Jessica
  4346 | D:3      | Reached XP level 7. HP: 45/55 MP: 7/7
  4881 | D:5      | Reached skill level 5 in Fighting
  4977 | D:5      | Reached XP level 8. HP: 60/62 MP: 8/8
  5311 | D:5      | Found a snail-covered altar of Cheibriados.
  5500 | D:5      | Found a runed translucent door.
  5501 | D:5      | Noticed Crazy Yiuf
  5506 | D:5      | Killed Crazy Yiuf
  5566 | D:6      | Reached skill level 5 in Armour
  5566 | D:6      | Reached skill level 5 in Shields
  5963 | D:6      | Found a white marble altar of Elyvilon.
  6118 | D:6      | Noticed a +0 dagger
  6118 | D:6      | Noticed a +0 dagger
  6119 | D:6      | Found a hide-covered altar of Uskayaw.
  6215 | D:6      | Found a white marble altar of Elyvilon.
  6257 | D:6      | Found Walafubu's Armour Emporium.
  6392 | D:7      | Reached skill level 5 in Long Blades
  6399 | D:7      | Reached skill level 6 in Fighting
  6405 | D:7      | Gained mutation: You are immune to miasma. [demonic
                  | ancestry]
  6405 | D:7      | Reached XP level 9. HP: 45/69 MP: 9/9
  6640 | D:7      | Found a staircase to the Ecumenical Temple.
  6652 | Temple   | Entered the Ecumenical Temple
  6917 | Temple   | Became a worshipper of Makhleb the Destroyer
  6951 | D:7      | Found a flagged portal.
  6967 | Bailey   | Entered a bailey
  7009 | Bailey   | Noticed an orc knight
  7023 | Bailey   | Killed an orc knight
  7024 | Bailey   | Reached skill level 1 in Invocations
  7024 | Bailey   | Reached skill level 1 in Evocations
  7376 | Bailey   | Reached skill level 5 in Dodging
  7743 | D:7      | Reached * piety under Makhleb
  7905 | D:7      | Noticed a queen bee
  7911 | D:7      | Found a transporter.
  7929 | D:7      | Found a transporter.
  7929 | D:7      | Noticed Twinkles's ghost (novice KoHu)
  8190 | D:7      | Gained mutation: Your magical capacity is low. (-10% MP)
                  | [potion of mutation]
  8190 | D:7      | Gained mutation: You have a pair of small antennae on your
                  | head. [potion of mutation]
  8479 | D:8      | Found Akhlazyg's General Store.
  8619 | D:8      | Found a shadowy altar of Dithmenos.
  9040 | D:8      | Gained mutation: You may emit foul miasma when damaged in
                  | melee. [demonic ancestry]
  9040 | D:8      | Reached XP level 10. HP: 76/77 MP: 11/11
  9421 | D:9      | Reached ** piety under Makhleb
  9441 | D:9      | Reached skill level 7 in Fighting
  9693 | D:10     | Entered Level 10 of the Dungeon
  9823 | D:10     | Reached *** piety under Makhleb
  9823 | D:10     | Noticed a red ugly thing
  9828 | D:10     | Killed a red ugly thing
  9829 | D:10     | Reached skill level 5 in Invocations
 10050 | D:10     | Noticed a gargoyle
 10058 | D:10     | Killed a gargoyle
 10059 | D:10     | Reached XP level 11. HP: 71/85 MP: 13/13
 10210 | D:10     | Found a runed translucent door.
 10214 | D:10     | Noticed Alvadar's ghost (novice DgCj)
 10266 | D:10     | Found a staircase to the Orcish Mines.
 10625 | D:10     | Got a flickering golden amulet
 10977 | D:10     | Reached **** piety under Makhleb
 11006 | Orc:1    | Entered Level 1 of the Orcish Mines
 11006 | Orc:1    | Noticed Harold
 11014 | Orc:1    | Killed Harold
 11107 | Orc:2    | Entered Level 2 of the Orcish Mines
 11118 | Orc:2    | Noticed an ettin
 11124 | Orc:2    | Reached skill level 8 in Fighting
 11124 | Orc:2    | Annihilated by an ettin

Illustrated notes

Levels and vault maps discovered:
D:1:      roderic_dead_forest, layout_basic
D:2:      layout_basic, nemelex_lonely_heart_becter
D:3:      layout_loops_ring, uniq_jessica
D:4:      old_forge, layout_cave_pools, lemuel_angel_altar, uniq_robin
D:5:      layout_loops_ring, lemuel_doored_altar, minmay_misc_feat_room,
          uniq_crazy_yiuf_cottage
D:6:      layout_cave_pools, dancing_weapons_uskayaw, kennysheep_mini_moat,
          serial_glass, glass_columns_a, glass_columns_b, serial_shops,
          shop_statue, chequers_serial_rivers_large_a, corexii_corridor_pit,
          chequers_serial_rivers_micro_c, elyvilon_altar_3
D:7:      layout_basic, minmay_temple_entry_wispy, gammafunk_ghost_hive,
          enter_bailey_3
D:8:      layout_basic, nicolae_dithmenos_the_darkroom, serial_shops, shop
D:9:      layout_loops_ring
D:10:     cheibrodos_ideogram_h, layout_basic, erik_orc_4,
          hellmonk_ghost_happy_afterlife
Temple:   hc_temple_tempest_star
Orc:1:    layout_caves, gammafunk_ghost_grave, minmay_orc_keep, uniq_harold,
          uniq_snorg
Orc:2:    st_orc_elflike, layout_diamond_mine, uniq_sonja

Skill      XL: |  1  2  3  4  5  6  7  8  9 10 11 |
---------------+----------------------------------+-----
Long Blades    | 2 3 4 5 6 7 |  7.0
Armour         | 3 4 5 6 7 |  7.3
Shields        | 3 4 5 6 7 |  7.3
Dodging        | 1 2 3 4 5 6 |  6.5
Fighting       | 4 5 6 7 8 |  8.0
Invocations    | 3 5 6 |  6.4
Evocations     | 2 4 |  4.7

Action                   |  1- 3 |  4- 6 |  7- 9 | 10-12 || total
-------------------------+-------+-------+-------+-------++-------
Melee: Long sword        |   142 |   184 |       |       ||   326
       Double sword      |       |    43 |   207 |   200 ||   450
       Kick              |       |    25 |    43 |    53 ||   121
Throw: Dart              |       |       |       |     5 ||     5
 Abil: Evoke Flight      |       |       |     3 |       ||     3
  Use: Potion            |       |     2 |     2 |       ||     4
       Scroll            |       |       |    13 |       ||    13
 Stab: Distracted        |       |       |     1 |       ||     1
Armor: Chain mail        |    92 |   174 |       |       ||   266
       Plate armour      |       |    10 |   102 |    86 ||   198
Dodge: Dodged            |    40 |    83 |    57 |    42 ||   222
Block: Kite shield       |    74 |   143 |   127 |   168 ||   512
       Reflection        |       |       |       |     3 ||     3
       Rpst.: Long sword |    11 |    24 |       |       ||    35
       Double sword      |       |     6 |    16 |    17 ||    39
